AoeStats
← whisperedzen

Arabia

509425600Analyzed
1v1 RM · 5d ago on Sep 26, 2026· 41m 11s· 2 players
Game mode
Random Map
Map size
Tiny (2 player)
Population
200
Speed
Normal
Resources
Standard
Victory
Conquest
Starting age
Dark Age
Ending age
Imperial Age
RankedLock teamsTeams togetherTeam positionsShared explorationLock speedFull tech treeHidden civsTurbo modeCheats
Victory
Defeat
🇺🇾 Wei · Uruguay
1275
+18
🇨🇦 Lithuanians · Canada
1309
-18
whisperedzen
7:19 Loom
9:23 Feudal Age
10:12 Double-Bit Axe
15:50 Horse Collar
20:28 Castle Age
18:51 Gold Mining
19:21 Stone Mining
19:42 Scale Barding Armor
20:22 Forging
20:25 Bloodlines
21:37 Bow Saw
21:28 Heavy Plow
27:59 Husbandry
28:19 Fletching
29:54 Padded Archer Armor
32:27 Bodkin Arrow
34:31 Gold Shaft Mining
34:36 Wheelbarrow
34:57 Thumb Ring
41:04 Imperial Age
38:50 Hand Cart
38:23 Town Watch
39:24 Ballistics
39:56 Leather Archer Armor
39:46 Light Cavalry
lylesuper
6:29 Loom
9:13 Feudal Age
12:27 Wheelbarrow
12:09 Horse Collar
18:54 Castle Age
17:35 Gold Mining
20:19 Double-Bit Axe
21:08 Bloodlines
26:33 Squires
26:41 Pikeman
28:51 Scale Mail Armor
30:11 Padded Archer Armor
31:47 Hand Cart
32:59 Chain Mail Armor
36:33 Forging
Connection lost

Rejoining the realm…

Still unreachable

The connection could not be restored.

Session expired

The server has moved on; the page needs a fresh start.